 Dungeon Crawl Stone Soup version 0.31.0-11-ge490571c62 (webtiles) character file.

Game seed: 6746914537289442866

4281 Amelense the Carver (level 10, -1/71 HPs)
             Began as a Demonspawn Fighter on Feb 8, 2024.
             Was an Elder of Okawaru.
             Slain by an orc warrior
             ... wielding a +0 glaive
              (6 damage)
             ... in a bailey.
             The game lasted 00:36:09 (6730 turns).

Amelense the Carver (Demonspawn Fighter)            Turns: 6730, Time: 00:36:09

Health: -1/71      AC: 14    Str: 17    XL:     10   Next: 10%
Magic:  0/10       EV: 13    Int:  6    God:    Okawaru [****..]
Gold:   474        SH:  6    Dex: 17    Spells: 9/9 levels left

rFire   . . .        d - +5 scimitar
rCold   . . .        c - +0 buckler
rNeg    . . .        j - +0 ring mail
rPois   .            (helmet restricted)
rElec   .            v - +0 cloak
rCorr   .            (no gloves)
SInv    +            (no boots)
Will    .....        r - amulet of guardian spirit
Stlth   ++           t - +4 ring of protection
HPRegen 0.31/turn    k - ring of see invisible
MPRegen 0.12/turn

%: guardian spirit
@: heroic, hasted, very quick
A: icy blue scales 1, foul stench 2, spiny 2, antennae 1, dopey 1, MP-powered
wands
a: Renounce Religion, Heroism, Finesse


You were in a bailey.
You worshipped Okawaru.
Okawaru was greatly pleased with you.
You visited 1 branch of the dungeon, and saw 8 of its levels.
You also visited: Bailey.

You collected 474 gold pieces.

Inventory:

Hand Weapons
 a - a +0 long sword
 d - a +5 scimitar (weapon)
 E - a +1 scimitar of flaming
Armour
 b - a +0 scale mail
 c - a +0 buckler (worn)
 j - a +0 ring mail (worn)
 v - a +0 cloak (worn)
 z - a +0 plate armour
Jewellery
 f - an amulet of regeneration
 i - a ring of protection from fire
 k - a ring of see invisible (right hand)
 l - a ring of protection from cold
 o - a ring of willpower
 p - a ring of ice
 r - an amulet of guardian spirit (around neck)
 t - a +4 ring of protection (left hand)
 y - a ring of wizardry
Wands
 w - a wand of digging (7)
Scrolls
 h - a scroll of teleportation
 m - 2 scrolls of noise
 n - 2 scrolls of vulnerability
 q - 2 scrolls of amnesia
 s - 2 scrolls of revelation
 u - a scroll of enchant armour {unknown}
 A - a scroll of fear
 B - a scroll of identify
 D - 2 scrolls of immolation {unknown}
Potions
 e - 2 potions of enlightenment
 x - a potion of attraction


   Skills:
 + Level 3.8(8.8) Fighting
 + Level 13.1(18.1) Long Blades
 + Level 3.0(8.0) Armour
 + Level 0.2(5.2) Dodging
 + Level 2.7(7.7) Shields
 + Level 0.8 Invocations


You had 9 spell levels left.
You didn't know any spells.
Your spell library contained the following spells:

 Spells                   Type           Power      Damage    Failure   Level
 Sandblast                Erth           0%         2d4       71%         1
 Passwall                 Erth           0%         N/A       97%         3
 Stone Arrow              Conj/Erth      0%         3d7       97%         3
 Brom's Barrelling Bould  Conj/Erth      0%         2d3       100%        4


Dungeon Overview and Level Annotations

Branches:
Dungeon (8/15)             Temple (0/1) D:5          Bailey (1/1)
   Lair: D:8-11

Altars:
Cheibriados
Fedhas
Hepliaklqana
Kikubaaqudgha
Okawaru
Ru
Trog
Vehumet
Xom

Shops:
D:2 *


Innate Abilities, Weirdness & Mutations

You are partially covered in icy blue scales. (AC +2)
You sometimes emit foul miasma when damaged in melee.
You are mostly covered in sharp spines.
You have a pair of small antennae on your head.
You are dopey. (Int -2)
You expend magic power (3 MP) to strengthen your wands.


Message History

The orc warrior is engulfed in dark miasma.
The orc warrior looks even sicker.
The orc warrior seems to slow down.
The orc warrior is no longer moving slowly.
The orc warrior is engulfed in dark miasma.
The orc warrior looks even sicker.
The orc warrior seems to slow down.
The orc warrior hits you from afar with a +0 halberd!
The orc warrior is no longer moving slowly.
Things that are here:
a +0 spear; 3 javelins; a +0 scale mail The orc warrior is engulfed in dark miasma.
The orc warrior looks as sick as possible!
You kill the orc warrior!
Okawaru accepts your kill.
Your Armour skill increases to level 3!
There is an open door here.
You gain the combat prowess of a mighty hero.
The orc warrior closely misses you.
The orc warrior hits you but does no damage.
The orc warrior hits you from afar with a +0 glaive!
* * * LOW HITPOINT WARNING * * *
The orc warrior hits you with a +0 glaive!
* * * LOW HITPOINT WARNING * * *
The orc warrior barely misses you.
There is an open door, spattered with blood here.
You hit the orc warrior but do no damage.
The orc warrior hits you from afar with a +0 glaive!
* * * LOW HITPOINT WARNING * * *
You block the orc warrior's attack.
As you read the scroll of fear, it crumbles to dust.
You assume a fearsome visage.
The orc warrior looks frightened! x2
The orc warrior easily resists.
You block the orc warrior's attack.
The orc warrior looks more healthy.
The orc warrior attacks as it pursues you!
The orc warrior barely misses you.
The orc warrior attacks as it pursues you!
The orc warrior hits you but does no damage.
You feel yourself speed up.
The orc warrior shouts!
The orc warrior hits you from afar with a +0 glaive!
You die...

≈≈≈≈≈≈≈≈≈≈≈≈≈≈≈##
.........)))....##
...........)....$#
..⌠##########o####
###.......)....≈#
#....≈≈≈≈≈≈≈≈≈...≈#
.⌠.≈≈≈.......≈≈.o≈##
..≈≈..≈≈≈≈≈≈≈.)..≈≈##
.≈≈.≈≈≈.....≈≈≈.@.≈≈##
.≈.≈≈..≈≈≈≈≈..≈≈..⌠≈≈#
≈≈.≈.≈≈≈...≈≈≈.≈≈..≈≈#
≈.≈≈.≈..⌠.⌠..≈≈.≈...≈#
≈....≈..∩∩∩.....≈...≈#
≈.≈≈)≈..⌠.⌠..≈≈.≈...≈#
≈≈)≈.≈≈≈...≈≈≈.≈≈..≈≈#
.≈)≈≈.)≈≈≈≈≈..≈≈..⌠≈≈#
.≈≈)≈≈≈.....≈≈≈...≈≈##


You could see 2 orc warriors.

Vanquished Creatures
  5 gargoyles (D:7)
  Prince Ribbit (D:5)
  A wraith (D:8)
  A steam dragon (D:7)
  A water moccasin (D:6)
  Duvessa (D:6)
  2 orc warriors
  An ice beast (D:7)
  2 centaurs (Bailey)
  2 phantoms (D:6)
  2 bullfrogs
  A scorpion (D:6)
  5 wights (D:7)
  Dowan (D:6)
  4 killer bees (D:7)
  2 howler monkeys
  2 jellies (D:6)
  An orc priest (D:7)
  A bombardier beetle (D:6)
  5 hounds
  A gnoll bouda (D:5)
  2 iguanas
  3 sleepcaps
  3 orc wizards
  3 gnolls (D:5)
  14 adders
  3 shadow imps
  3 white imps
  4 ufetubi
  2 dart slugs
  A ribbon worm (D:2)
  26 orcs
  4 endoplasms
  2 giant cockroaches
  4 goblins
  5 hobgoblins
  3 jackals (D:2)
  3 quokkas
  9 ball pythons
  4 bats
  3 frilled lizards
  4 kobolds
  5 rats
152 creatures vanquished.

Notes
Turn   | Place    | Note
-------+----------+-------------------------------------------
     0 | D:1      | Amelense the Demonspawn Fighter began the quest for the
                  | Orb.
     0 | D:1      | Reached XP level 1. HP: 18/18 MP: 1/1
    68 | D:1      | Reached skill level 2 in Long Blades
   133 | D:1      | Gained mutation: You are partially covered in sharp spines.
                  | [demonic ancestry]
   133 | D:1      | Reached XP level 2. HP: 22/24 MP: 2/2
   455 | D:2      | Reached skill level 3 in Long Blades
   495 | D:2      | Gained mutation: You may rarely emit foul miasma when
                  | damaged in melee. [demonic ancestry]
   495 | D:2      | Reached XP level 3. HP: 28/29 MP: 3/3
   509 | D:2      | Found Pistonah's Assorted Antiques.
  1022 | D:3      | Reached skill level 4 in Long Blades
  1022 | D:3      | Gained mutation: You are partially covered in icy blue
                  | scales. (AC +2) [demonic ancestry]
  1022 | D:3      | Reached XP level 4. HP: 32/35 MP: 4/4
  1491 | D:3      | Gained mutation: You are mostly covered in sharp spines.
                  | [demonic ancestry]
  1491 | D:3      | Reached XP level 5. HP: 35/41 MP: 5/5
  1576 | D:3      | Gained mutation: Your health recovers twice as slowly from
                  | being drained. [potion of mutation]
  1633 | D:4      | Found an ancient bone altar of Kikubaaqudgha.
  1634 | D:4      | Found a sacrificial altar of Ru.
  1637 | D:4      | Found a bloodstained altar of Trog.
  1637 | D:4      | Found a radiant altar of Vehumet.
  1637 | D:4      | Found a snail-covered altar of Cheibriados.
  1639 | D:4      | Found a blossoming altar of Fedhas.
  1639 | D:4      | Found a shimmering altar of Xom.
  1639 | D:4      | Found a hazy altar of Hepliaklqana.
  1767 | D:4      | Reached skill level 5 in Long Blades
  1796 | D:4      | Found an iron altar of Okawaru.
  1811 | D:4      | Became a worshipper of Warmaster Okawaru
  2440 | D:5      | Entered Level 5 of the Dungeon
  2449 | D:5      | Lost mutation: Your health recovers twice as slowly from
                  | being drained. [potion of mutation]
  2449 | D:5      | Gained mutation: You are dopey. (Int -2) [potion of
                  | mutation]
  2449 | D:5      | Gained mutation: You expend magic power (3 MP) to
                  | strengthen your wands. [potion of mutation]
  2449 | D:5      | Gained mutation: You have a pair of small antennae on your
                  | head. [potion of mutation]
  2498 | D:5      | Gained mutation: You sometimes emit foul miasma when
                  | damaged in melee. [demonic ancestry]
  2498 | D:5      | Reached XP level 6. HP: 43/47 MP: 6/6
  2530 | D:5      | Found a staircase to the Ecumenical Temple.
  2605 | D:5      | Noticed Prince Ribbit
  2618 | D:5      | Killed Prince Ribbit
  2618 | D:5      | Reached * piety under Okawaru
  2619 | D:5      | Reached skill level 6 in Long Blades
  2813 | D:5      | Reached skill level 7 in Long Blades
  2948 | D:5      | Reached XP level 7. HP: 52/52 MP: 7/7
  3237 | D:6      | Noticed Dowan
  3238 | D:6      | Noticed Duvessa
  3242 | D:6      | Killed Dowan
  3247 | D:6      | Killed Duvessa
  3248 | D:6      | Reached skill level 8 in Long Blades
  3505 | D:6      | Reached XP level 8. HP: 58/58 MP: 6/8
  3518 | D:6      | Reached ** piety under Okawaru
  3528 | D:6      | Reached skill level 9 in Long Blades
  4266 | D:7      | Reached skill level 10 in Long Blades
  4663 | D:7      | Reached *** piety under Okawaru
  4664 | D:7      | Reached skill level 11 in Long Blades
  4664 | D:7      | Reached XP level 9. HP: 63/63 MP: 9/9
  4811 | D:7      | Noticed a gargoyle
  4822 | D:7      | Killed a gargoyle
  4825 | D:7      | Noticed a gargoyle
  4826 | D:7      | Noticed a gargoyle
  4827 | D:7      | Noticed a gargoyle
  4827 | D:7      | Noticed a gargoyle
  5706 | D:7      | Killed a gargoyle
  5707 | D:7      | Reached skill level 12 in Long Blades
  5759 | D:7      | Killed a gargoyle
  5825 | D:7      | Killed a gargoyle
  5927 | D:7      | Killed a gargoyle
  5927 | D:7      | Reached **** piety under Okawaru
  6027 | D:7      | Reached skill level 13 in Long Blades
  6039 | D:7      | Reached XP level 10. HP: 61/71 MP: 7/10
  6275 | D:8      | Found a flagged portal.
  6308 | Bailey   | Entered a bailey
  6723 | Bailey   | HP: 3/71 [orc warrior/+0 glaive (10)]
  6730 | Bailey   | Slain by an orc warrior

Illustrated notes

Levels and vault maps discovered:
D:1:      ebering_hopf_link, layout_basic
D:2:      layout_loops_ring, serial_shops, nicolae_shop_behind_doors
D:3:      layout_basic, minmay_snake_closets
D:4:      layout_loops_cross, okawaru_gym_becter, nicolae_overflows_in_rows,
          corexii_hall_statues_x
D:5:      layout_gridville, minmay_temple_entry_ruins, uniq_prince_ribbit1
D:6:      layout_loops_ring, dreamdust_wishing_well, grunt_ministairs_11,
          chequers_serial_rivers_marsh, uniq_duvessa
D:7:      cheibrodos_statue_roulette, layout_cave_pools
D:8:      minmay_curly_fans, layout_rooms, nicolae_uskayaw_dance_hall,
          serial_shops, nicolae_shop_window_shopping, enter_bailey_8
Bailey:   bailey_polearm_flooded_kennysheep, bailey

Skill      XL: |  1  2  3  4  5  6  7  8  9 10 |
---------------+-------------------------------+-----
Long Blades    | 2 3 4 5 7 8 11 13 | 13.1
Armour         | 3 |  3.0
Fighting       | |  3.8
Dodging        | |  0.2
Shields        | |  2.7
Invocations    | |  0.8

Action                     |  1- 3 |  4- 6 |  7- 9 | 10-12 || total
---------------------------+-------+-------+-------+-------++-------
  Melee: Long sword        |    66 |    89 |    81 |       ||   236
         Scimitar          |       |       |   129 |    25 ||   154
 Invoke: Heroism           |       |       |     4 |     1 ||     5
    Use: Scroll            |     2 |     7 |     6 |     2 ||    17
         Potion            |       |     3 |     7 |     1 ||    11
 Armour: Scale mail        |    38 |       |       |       ||    38
         Ring mail         |    10 |    63 |   145 |    58 ||   276
  Dodge: Dodged            |    24 |    50 |    93 |    45 ||   212
  Block: Buckler           |    13 |    27 |    40 |    18 ||    98
